[ AOE2 MATCH · #463778490 ]
Team RMChinese vs Cumans
[ REPLAY ANALYSIS · EXTRACTED FROM THE RECORDED GAME ]
Feudal
10:40
Castle
15:26
Imperial
35:28
| APM avg | 41.4 |
| APM peak | 69 |
| eAPM avg | 26.2 |
| Villagers / military | 191 / 742 |
Focus
⚔️ 34.9% · 🌾 65.1%
Spearman ×367 · Skirmisher ×229 · Fire Lancer ×91 · Chu Ko Nu ×29 · Trebuchet (Packed) ×13 · Battering Ram ×7
Feudal
12:22
Castle
15:56
Imperial
31:03
| APM avg | 28.8 |
| APM peak | 61 |
| eAPM avg | 16.2 |
| Villagers / military | 131 / 256 |
Focus
⚔️ 44.1% · 🌾 55.9%
Genoese Crossbowman ×225 · Bombard Cannon ×25 · Monk ×3 · Mangonel ×2 · Trebuchet (Packed) ×1
Feudal
11:55
Castle
16:40
Imperial
28:29
| APM avg | 26.2 |
| APM peak | 60 |
| eAPM avg | 15.2 |
| Villagers / military | 170 / 720 |
Focus
⚔️ 38.5% · 🌾 61.5%
Militia ×350 · Spearman ×350 · Battering Ram ×13 · Bombard Cannon ×3 · Monk ×2 · Battle Elephant ×1
Feudal
11:13
Castle
14:24
Imperial
33:05
| APM avg | 28.3 |
| APM peak | 71 |
| eAPM avg | 17.3 |
| Villagers / military | 143 / 437 |
Focus
⚔️ 32.7% · 🌾 67.3%
Knight ×204 · Scout Cavalry ×171 · Archer ×54 · Bombard Cannon ×5 · Trebuchet (Packed) ×2 · War Elephant ×1
Feudal
11:23
Castle
15:36
Imperial
29:01
| APM avg | 50.8 |
| APM peak | 102 |
| eAPM avg | 32.6 |
| Villagers / military | 238 / 689 |
Focus
⚔️ 43.3% · 🌾 56.7%
Knight ×488 · Scout Cavalry ×185 · Trade Cart ×26 · Trebuchet (Packed) ×9 · Mangonel ×5 · Monk ×2
Feudal
11:11
Castle
15:17
Imperial
35:38
| APM avg | 19.8 |
| APM peak | 66 |
| eAPM avg | 13.9 |
| Villagers / military | 125 / 257 |
Focus
⚔️ 33.9% · 🌾 66.1%
Archer ×177 · Spearman ×65 · Unknown (1959) ×41 · Trade Cart ×17 · Skirmisher ×15 · Unknown (1942) ×10
Feudal
11:05
Castle
14:44
Imperial
36:41
| APM avg | 39.8 |
| APM peak | 95 |
| eAPM avg | 23.6 |
| Villagers / military | 317 / 331 |
Focus
⚔️ 38.8% · 🌾 61.2%
Scout Cavalry ×325 · Trebuchet (Packed) ×5 · Monk ×1
Feudal
9:16
Castle
21:19
Imperial
38:09
| APM avg | 27.6 |
| APM peak | 65 |
| eAPM avg | 15.5 |
| Villagers / military | 154 / 334 |
Focus
⚔️ 38.3% · 🌾 61.7%
Steppe Lancer ×263 · Scout Cavalry ×55 · Monk ×8 · Battering Ram ×5 · Trebuchet (Packed) ×3
Match map
Initial resources + every placement click. Lines = walls · curves = elevation contours. ◆ gold · ⬟ stone · ● berries · ✦ relic · ◌ wall gap
Your base· ✓ Closed at 15:26 · 0t walls · 2 gate(s)
BSGA. No M!cR0's base· ✓ Closed at 15:56 · 1t walls · 4 gate(s)
nysh's base· ✓ Closed at 16:40 · 0t walls · 2 gate(s)
BSGA. Chinball Wizard's base· ✓ Closed at 14:24 · 0t walls · 2 gate(s)
TmZ_ĐЯEW ♚☯'s base· ✓ Closed at 15:36 · 0t walls · 3 gate(s)
Alex's base· ✓ Closed at 15:17 · 0t walls · 2 gate(s)
Ux'Mi Quesa's base· ✓ Closed at 14:44 · 0t walls · 3 gate(s)
GPB | WYXT531's base· ✓ Closed at 21:19 · 0t walls · 3 gate(s)
Smoothed initial terrain · ◌ = detected wall gap · hover for details
Inputs per minute
— esteb4ndidoz - - BSGA. No M!cR0
Build order — esteb4ndidoz
First 150 of 669 actions detected
| 0:04 | Build | House |
| 0:06 | Build | House |
| 0:23 | Research | Loom |
| 1:09 | Create | Villager (Male) |
| 1:09 | Create | Villager (Male) |
| 1:10 | Create | Villager (Male) |
| 1:38 | Create | Villager (Male) |
| 1:38 | Create | Villager (Male) |
| 2:07 | Create | Villager (Male) |
| 2:07 | Create | Villager (Male) |
| 2:24 | Create | Villager (Male) |
| 2:25 | Create | Villager (Male) |
| 2:33 | Build | Lumber Camp |
| 2:51 | Create | Villager (Male) |
| 2:51 | Create | Villager (Male) |
| 2:51 | Create | Villager (Male) |
| 3:15 | Create | Villager (Male) |
| 3:16 | Create | Villager (Male) |
| 3:25 | Create | Villager (Male) |
| 3:25 | Create | Villager (Male) |
| 3:25 | Create | Villager (Male) |
| 4:09 | Create | Villager (Male) |
| 4:10 | Create | Villager (Male) |
| 4:10 | Create | Villager (Male) |
| 4:42 | Build | Mill |
| 5:03 | Create | Villager (Male) |
| 5:03 | Create | Villager (Male) |
| 5:03 | Create | Villager (Male) |
| 5:04 | Create | Villager (Male) |
| 5:31 | Build | House |
| 5:51 | Create | Villager (Male) |
| 5:51 | Create | Villager (Male) |
| 6:00 | Create | Villager (Male) |
| 6:00 | Create | Villager (Male) |
| 6:00 | Create | Villager (Male) |
| 6:34 | Create | Villager (Male) |
| 6:54 | Build | Barracks |
| 6:56 | Create | Villager (Male) |
| 6:56 | Create | Villager (Male) |
| 6:56 | Create | Villager (Male) |
| 6:56 | Create | Villager (Male) |
| 7:07 | Build | Mining Camp |
| 7:26 | Create | Villager (Male) |
| 7:39 | Create | Villager (Male) |
| 7:52 | Build | Mill |
| 8:22 | Build | Farm |
| 8:24 | Build | Farm |
| 8:30 | Research | Feudal Age |
| 8:30 | Research | Feudal Age |
| 9:26 | Create | Villager (Male) |
| 9:57 | Build | Farm |
| 10:06 | Build | Farm |
| 10:20 | Build | Farm |
| 10:22 | Create | Villager (Male) |
| 10:40 | Age | Feudal Age |
| 10:49 | Build | Blacksmith |
| 11:26 | Build | Market |
| 11:47 | Build | House |
| 11:50 | Create | Villager (Male) |
| 12:02 | Build | House |
| 12:04 | Build | House |
| 12:08 | Create | Villager (Male) |
| 12:30 | Build | Farm |
| 12:46 | Research | Castle Age |
| 12:46 | Research | Castle Age |
| 13:00 | Build | Mining Camp |
| 13:31 | Research | Stone Mining |
| 13:46 | Research | Double-Bit Axe |
| 13:58 | Build | House |
| 14:01 | Build | House |
| 14:19 | Create | Villager (Male) |
| 14:51 | Build | Farm |
| 14:51 | Build | Farm |
| 14:55 | Create | Villager (Male) |
| 15:13 | Research | Horse Collar |
| 15:26 | Age | Castle Age |
| 15:42 | Research | Fletching |
| 15:50 | Build | Barracks |
| 15:52 | Create | Villager (Male) |
| 16:22 | Research | Gold Mining |
| 16:24 | Create | Villager (Male) |
| 16:44 | Build | Farm |
| 16:49 | Create | Villager (Male) |
| 17:09 | Create | Fire Lancer |
| 17:15 | Create | Villager (Male) |
| 17:27 | Build | Castle |
| 17:38 | Create | Villager (Male) |
| 17:42 | Create | Fire Lancer |
| 17:43 | Create | Fire Lancer |
| 17:48 | Create | Villager (Male) |
| 18:04 | Research | Bow Saw |
| 18:14 | Build | Farm |
| 18:19 | Build | Farm |
| 18:23 | Build | Farm |
| 18:27 | Create | Villager (Male) |
| 18:53 | Create | Chu Ko Nu |
| 18:53 | Create | Chu Ko Nu |
| 18:53 | Create | Chu Ko Nu |
| 18:54 | Create | Chu Ko Nu |
| 18:54 | Create | Chu Ko Nu |
| 19:04 | Build | Farm |
| 19:04 | Build | Farm |
| 19:04 | Build | Farm |
| 19:05 | Create | Villager (Male) |
| 19:06 | Create | Villager (Male) |
| 19:14 | Create | Villager (Male) |
| 19:45 | Build | Farm |
| 19:46 | Build | Farm |
| 19:47 | Create | Chu Ko Nu |
| 19:47 | Create | Chu Ko Nu |
| 19:48 | Create | Chu Ko Nu |
| 20:07 | Create | Villager (Male) |
| 20:08 | Research | Wheelbarrow |
| 20:13 | Create | Chu Ko Nu |
| 20:37 | Research | Bodkin Arrow |
| 20:51 | Create | Chu Ko Nu |
| 20:52 | Create | Chu Ko Nu |
| 20:57 | Create | Villager (Male) |
| 21:17 | Build | Town Center |
| 21:49 | Create | Villager (Male) |
| 22:07 | Build | University |
| 22:09 | Build | House |
| 22:13 | Create | Villager (Male) |
| 22:28 | Create | Villager (Male) |
| 22:31 | Create | Chu Ko Nu |
| 22:31 | Create | Chu Ko Nu |
| 22:31 | Create | Chu Ko Nu |
| 22:38 | Create | Villager (Male) |
| 22:38 | Create | Villager (Male) |
| 22:38 | Create | Villager (Male) |
| 22:42 | Build | Farm |
| 22:45 | Research | Padded Archer Armor |
| 23:01 | Create | Villager (Male) |
| 23:06 | Create | Villager (Male) |
| 23:15 | Research | Ballistics |
| 23:24 | Create | Villager (Male) |
| 23:30 | Create | Chu Ko Nu |
| 23:32 | Create | Villager (Male) |
| 23:54 | Create | Villager (Male) |
| 23:57 | Create | Petard |
| 23:57 | Create | Petard |
| 23:57 | Create | Petard |
| 24:14 | Build | Town Center |
| 24:14 | Create | Villager (Male) |
| 24:15 | Create | Villager (Male) |
| 24:33 | Create | Chu Ko Nu |
| 24:33 | Create | Chu Ko Nu |
| 24:39 | Build | Farm |
| 24:39 | Build | Farm |
| 24:44 | Create | Villager (Male) |
Build order — BSGA. No M!cR0
First 150 of 532 actions detected
| 0:02 | Build | House |
| 0:02 | Create | Villager (Male) |
| 0:03 | Create | Villager (Male) |
| 0:03 | Create | Villager (Male) |
| 0:03 | Create | Villager (Male) |
| 0:04 | Build | House |
| 1:14 | Create | Villager (Male) |
| 1:51 | Build | Lumber Camp |
| 2:00 | Create | Villager (Male) |
| 2:26 | Create | Villager (Male) |
| 2:27 | Create | Villager (Male) |
| 2:55 | Create | Villager (Male) |
| 2:55 | Create | Villager (Male) |
| 3:15 | Create | Villager (Male) |
| 3:47 | Create | Villager (Male) |
| 3:47 | Create | Villager (Male) |
| 3:49 | Create | Villager (Male) |
| 3:49 | Create | Villager (Male) |
| 3:55 | Build | Palisade Wall |
| 4:04 | Build | Palisade Gate |
| 4:08 | Build | House |
| 4:14 | Build | House |
| 5:03 | Create | Villager (Male) |
| 5:22 | Create | Villager (Male) |
| 5:53 | Build | Mill |
| 5:55 | Create | Villager (Male) |
| 5:55 | Create | Villager (Male) |
| 6:34 | Create | Villager (Male) |
| 6:34 | Create | Villager (Male) |
| 6:47 | Create | Villager (Male) |
| 6:54 | Create | Villager (Male) |
| 7:13 | Build | House |
| 7:17 | Research | Loom |
| 7:20 | Create | Villager (Male) |
| 8:02 | Create | Villager (Male) |
| 8:02 | Create | Villager (Male) |
| 8:02 | Create | Villager (Male) |
| 9:03 | Create | Villager (Male) |
| 9:15 | Build | House |
| 9:19 | Create | Villager (Male) |
| 9:20 | Research | Feudal Age |
| 9:26 | Build | Mining Camp |
| 9:36 | Build | Farm |
| 9:37 | Build | Farm |
| 9:54 | Build | Mining Camp |
| 10:33 | Build | Farm |
| 10:39 | Build | Farm |
| 12:06 | Create | Villager (Male) |
| 12:06 | Create | Villager (Male) |
| 12:22 | Age | Feudal Age |
| 12:28 | Build | Market |
| 12:29 | Build | Blacksmith |
| 13:07 | Research | Double-Bit Axe |
| 13:16 | Research | Castle Age |
| 13:16 | Research | Castle Age |
| 13:53 | Research | Horse Collar |
| 13:59 | Research | Gold Mining |
| 13:59 | Research | Gold Mining |
| 14:36 | Create | Villager (Male) |
| 14:41 | Build | House |
| 14:43 | Build | House |
| 14:46 | Build | House |
| 15:00 | Research | Stone Mining |
| 15:52 | Create | Villager (Male) |
| 15:56 | Age | Castle Age |
| 16:00 | Build | Castle |
| 16:02 | Build | Mining Camp |
| 16:03 | Create | Villager (Male) |
| 16:07 | Research | Bow Saw |
| 16:28 | Build | Town Center |
| 16:31 | Create | Villager (Male) |
| 16:41 | Create | Villager (Male) |
| 16:45 | Build | Farm |
| 16:55 | Build | Farm |
| 16:57 | Create | Villager (Male) |
| 17:03 | Research | Heavy Plow |
| 17:25 | Build | Monastery |
| 17:27 | Create | Villager (Male) |
| 17:31 | Build | Farm |
| 17:38 | Create | Villager (Male) |
| 17:43 | Build | Farm |
| 17:53 | Create | Genoese Crossbowman |
| 18:07 | Create | Genoese Crossbowman |
| 18:13 | Create | Monk |
| 18:15 | Build | House |
| 18:18 | Create | Villager (Male) |
| 18:19 | Create | Villager (Male) |
| 18:27 | Build | Farm |
| 18:30 | Build | Farm |
| 18:31 | Create | Villager (Male) |
| 18:31 | Create | Villager (Male) |
| 18:42 | Build | House |
| 18:43 | Build | House |
| 18:45 | Create | Villager (Male) |
| 19:00 | Build | Farm |
| 19:00 | Build | Farm |
| 19:04 | Create | Genoese Crossbowman |
| 19:05 | Create | Genoese Crossbowman |
| 19:21 | Create | Genoese Crossbowman |
| 19:21 | Create | Genoese Crossbowman |
| 19:22 | Research | Fletching |
| 19:35 | Create | Monk |
| 19:36 | Build | House |
| 19:53 | Create | Genoese Crossbowman |
| 19:53 | Create | Genoese Crossbowman |
| 19:55 | Create | Villager (Male) |
| 19:56 | Create | Villager (Male) |
| 19:59 | Build | Farm |
| 20:00 | Build | Farm |
| 20:05 | Create | Villager (Male) |
| 20:20 | Create | Villager (Male) |
| 20:21 | Create | Genoese Crossbowman |
| 20:21 | Create | Genoese Crossbowman |
| 20:36 | Create | Villager (Male) |
| 20:37 | Create | Genoese Crossbowman |
| 20:45 | Build | Farm |
| 20:48 | Build | Farm |
| 20:49 | Create | Villager (Male) |
| 20:57 | Create | Genoese Crossbowman |
| 21:05 | Create | Villager (Male) |
| 21:24 | Create | Villager (Male) |
| 21:24 | Create | Villager (Male) |
| 21:27 | Create | Genoese Crossbowman |
| 21:27 | Create | Genoese Crossbowman |
| 21:27 | Create | Genoese Crossbowman |
| 21:28 | Create | Genoese Crossbowman |
| 21:29 | Create | Villager (Male) |
| 21:29 | Create | Villager (Male) |
| 21:53 | Create | Villager (Male) |
| 21:53 | Create | Villager (Male) |
| 22:02 | Build | Siege Workshop |
| 22:33 | Create | Villager (Male) |
| 22:33 | Create | Villager (Male) |
| 22:40 | Build | Lumber Camp |
| 22:42 | Build | Farm |
| 22:45 | Build | Farm |
| 22:48 | Create | Villager (Male) |
| 22:48 | Create | Villager (Male) |
| 22:53 | Create | Villager (Male) |
| 22:53 | Create | Villager (Male) |
| 23:07 | Research | Bodkin Arrow |
| 23:42 | Create | Mangonel |
| 23:54 | Research | Padded Archer Armor |
| 24:03 | Create | Villager (Male) |
| 24:03 | Create | Villager (Male) |
| 24:08 | Build | Mill |
| 24:09 | Build | Farm |
| 24:09 | Build | Farm |
| 24:09 | Build | Farm |
| 24:09 | Build | Farm |
Build order — nysh
First 150 of 567 actions detected
| 0:01 | Create | Villager (Male) |
| 0:01 | Create | Villager (Male) |
| 0:02 | Create | Villager (Male) |
| 0:04 | Build | House |
| 0:06 | Build | House |
| 0:15 | Create | Villager (Male) |
| 0:15 | Create | Villager (Male) |
| 1:25 | Create | Villager (Male) |
| 1:47 | Build | Lumber Camp |
| 2:04 | Create | Villager (Male) |
| 2:28 | Create | Villager (Male) |
| 2:52 | Create | Villager (Male) |
| 2:53 | Create | Villager (Male) |
| 3:19 | Create | Villager (Male) |
| 3:37 | Build | House |
| 3:55 | Create | Villager (Male) |
| 3:55 | Create | Villager (Male) |
| 4:25 | Build | Mill |
| 4:39 | Create | Villager (Male) |
| 4:53 | Create | Villager (Male) |
| 4:54 | Create | Villager (Male) |
| 5:02 | Create | Villager (Male) |
| 5:27 | Create | Villager (Male) |
| 5:39 | Build | House |
| 6:00 | Create | Villager (Male) |
| 6:52 | Create | Villager (Male) |
| 7:20 | Create | Villager (Male) |
| 7:31 | Build | Farm |
| 7:35 | Build | Farm |
| 7:41 | Create | Villager (Male) |
| 7:54 | Build | House |
| 8:12 | Create | Villager (Male) |
| 8:19 | Create | Villager (Male) |
| 8:20 | Create | Villager (Male) |
| 8:41 | Build | Mining Camp |
| 8:53 | Build | Farm |
| 9:27 | Build | Lumber Camp |
| 9:36 | Research | Feudal Age |
| 10:14 | Build | Farm |
| 10:16 | Build | Farm |
| 10:19 | Build | Farm |
| 10:26 | Build | Farm |
| 10:28 | Create | Villager (Male) |
| 10:29 | Create | Villager (Male) |
| 10:41 | Build | House |
| 11:32 | Build | Farm |
| 11:55 | Age | Feudal Age |
| 11:58 | Build | Market |
| 12:21 | Create | Villager (Male) |
| 12:24 | Build | Blacksmith |
| 12:56 | Create | Villager (Male) |
| 12:59 | Research | Loom |
| 13:34 | Research | Castle Age |
| 13:39 | Build | Farm |
| 13:40 | Build | Farm |
| 13:47 | Research | Horse Collar |
| 13:58 | Build | Farm |
| 14:07 | Build | House |
| 14:11 | Build | House |
| 14:55 | Research | Wheelbarrow |
| 16:03 | Build | Farm |
| 16:04 | Build | Farm |
| 16:06 | Build | Farm |
| 16:40 | Age | Castle Age |
| 16:42 | Build | Town Center |
| 16:55 | Build | Town Center |
| 17:02 | Research | Heavy Plow |
| 17:04 | Create | Villager (Male) |
| 17:39 | Create | Villager (Male) |
| 17:39 | Create | Villager (Male) |
| 17:51 | Create | Villager (Male) |
| 18:10 | Build | Monastery |
| 18:14 | Create | Villager (Male) |
| 18:15 | Create | Villager (Male) |
| 18:32 | Research | Hand Cart |
| 18:36 | Create | Villager (Male) |
| 18:36 | Create | Villager (Male) |
| 18:43 | Create | Monk |
| 18:47 | Build | House |
| 18:56 | Create | Villager (Male) |
| 19:03 | Build | Farm |
| 19:05 | Build | Farm |
| 19:05 | Create | Villager (Male) |
| 19:08 | Create | Villager (Male) |
| 19:16 | Build | Mining Camp |
| 19:20 | Research | Stone Mining |
| 19:20 | Create | Villager (Male) |
| 19:32 | Create | Villager (Male) |
| 19:41 | Build | House |
| 19:54 | Create | Villager (Male) |
| 19:55 | Create | Villager (Male) |
| 19:57 | Create | Villager (Male) |
| 20:10 | Create | Villager (Male) |
| 20:16 | Build | Farm |
| 20:16 | Build | Farm |
| 20:16 | Build | Farm |
| 20:21 | Build | Farm |
| 20:21 | Build | Farm |
| 20:22 | Build | Farm |
| 20:27 | Create | Villager (Male) |
| 20:27 | Create | Villager (Male) |
| 20:33 | Create | Monk |
| 20:45 | Create | Villager (Male) |
| 20:45 | Create | Villager (Male) |
| 20:53 | Build | Mill |
| 20:54 | Build | Farm |
| 20:54 | Build | Farm |
| 20:54 | Build | Farm |
| 20:55 | Build | Farm |
| 20:55 | Build | Farm |
| 20:56 | Create | Villager (Male) |
| 20:58 | Create | Villager (Male) |
| 21:03 | Create | Villager (Male) |
| 21:13 | Create | Villager (Male) |
| 21:18 | Build | Farm |
| 21:25 | Build | House |
| 21:27 | Build | House |
| 21:28 | Create | Villager (Male) |
| 21:46 | Create | Villager (Male) |
| 21:47 | Create | Villager (Male) |
| 21:47 | Create | Villager (Male) |
| 21:49 | Create | Villager (Male) |
| 21:54 | Build | Farm |
| 21:55 | Build | Farm |
| 21:55 | Build | Farm |
| 21:58 | Create | Villager (Male) |
| 21:58 | Create | Villager (Male) |
| 22:15 | Research | Gold Mining |
| 22:24 | Build | House |
| 22:25 | Build | House |
| 22:27 | Create | Villager (Male) |
| 22:41 | Create | Villager (Male) |
| 22:42 | Create | Villager (Male) |
| 23:04 | Build | Town Center |
| 23:06 | Create | Villager (Male) |
| 23:07 | Create | Villager (Male) |
| 23:13 | Create | Villager (Male) |
| 23:15 | Create | Villager (Male) |
| 23:21 | Create | Villager (Male) |
| 23:35 | Create | Villager (Male) |
| 23:35 | Create | Villager (Male) |
| 23:36 | Create | Villager (Male) |
| 23:39 | Build | University |
| 23:41 | Create | Villager (Male) |
| 24:00 | Create | Villager (Male) |
| 24:13 | Create | Villager (Male) |
| 24:13 | Create | Villager (Male) |
| 24:21 | Create | Villager (Male) |
| 24:28 | Build | Town Center |
| 24:31 | Create | Villager (Male) |
Build order — BSGA. Chinball Wizard
First 150 of 470 actions detected
| 0:00 | Create | Villager (Male) |
| 0:00 | Create | Villager (Male) |
| 0:01 | Create | Villager (Male) |
| 0:02 | Build | House |
| 0:03 | Build | House |
| 0:15 | Create | Villager (Male) |
| 0:16 | Create | Villager (Male) |
| 0:16 | Create | Villager (Male) |
| 1:55 | Create | Villager (Male) |
| 1:55 | Create | Villager (Male) |
| 2:00 | Create | Villager (Male) |
| 2:29 | Create | Villager (Male) |
| 2:33 | Build | Lumber Camp |
| 3:04 | Create | Villager (Male) |
| 3:11 | Build | House |
| 3:12 | Build | House |
| 3:16 | Create | Villager (Male) |
| 3:42 | Create | Villager (Male) |
| 3:42 | Create | Villager (Male) |
| 3:42 | Create | Villager (Male) |
| 3:50 | Build | House |
| 3:53 | Create | Villager (Male) |
| 4:21 | Create | Villager (Male) |
| 4:47 | Create | Villager (Male) |
| 5:33 | Build | Mill |
| 5:45 | Create | Villager (Male) |
| 6:04 | Create | Villager (Male) |
| 6:34 | Create | Villager (Male) |
| 6:48 | Create | Villager (Male) |
| 6:55 | Build | Mill |
| 7:26 | Create | Villager (Male) |
| 7:54 | Create | Villager (Male) |
| 7:54 | Create | Villager (Male) |
| 7:55 | Create | Villager (Male) |
| 8:09 | Build | Mining Camp |
| 8:24 | Research | Feudal Age |
| 9:22 | Build | Farm |
| 9:23 | Build | Farm |
| 9:23 | Build | Farm |
| 9:27 | Build | Farm |
| 9:36 | Build | Farm |
| 9:38 | Create | Villager (Male) |
| 9:40 | Research | Loom |
| 9:47 | Research | Loom |
| 11:13 | Age | Feudal Age |
| 11:15 | Build | Market |
| 11:21 | Build | Blacksmith |
| 11:31 | Create | Villager (Male) |
| 11:55 | Research | Castle Age |
| 12:05 | Build | Farm |
| 12:06 | Build | Farm |
| 12:06 | Build | Farm |
| 12:23 | Research | Double-Bit Axe |
| 12:41 | Build | House |
| 12:42 | Build | House |
| 13:02 | Create | Villager (Male) |
| 13:49 | Build | House |
| 13:53 | Build | House |
| 14:24 | Age | Castle Age |
| 14:26 | Build | Town Center |
| 14:38 | Research | Bow Saw |
| 14:41 | Create | Villager (Male) |
| 14:51 | Build | Farm |
| 15:07 | Create | Villager (Male) |
| 15:11 | Build | Farm |
| 15:25 | Create | Villager (Male) |
| 15:25 | Create | Villager (Male) |
| 15:26 | Create | Villager (Male) |
| 15:31 | Create | Villager (Male) |
| 15:32 | Create | Villager (Male) |
| 15:35 | Build | Farm |
| 16:02 | Build | Town Center |
| 16:10 | Create | Villager (Male) |
| 16:11 | Create | Villager (Male) |
| 16:15 | Create | Villager (Male) |
| 16:21 | Create | Villager (Male) |
| 16:38 | Build | Farm |
| 16:49 | Create | Villager (Male) |
| 16:49 | Create | Villager (Male) |
| 16:51 | Research | Wheelbarrow |
| 16:54 | Create | Villager (Male) |
| 16:59 | Create | Villager (Male) |
| 17:05 | Build | Farm |
| 17:16 | Create | Villager (Male) |
| 17:41 | Build | Town Center |
| 17:43 | Create | Villager (Male) |
| 17:44 | Create | Villager (Male) |
| 17:48 | Create | Villager (Male) |
| 17:52 | Create | Villager (Male) |
| 17:52 | Create | Villager (Male) |
| 18:09 | Research | Horse Collar |
| 18:14 | Create | Villager (Male) |
| 18:23 | Build | Farm |
| 18:28 | Build | House |
| 18:29 | Build | House |
| 18:29 | Build | House |
| 18:32 | Build | Farm |
| 18:36 | Create | Villager (Male) |
| 18:36 | Create | Villager (Male) |
| 18:39 | Build | Mining Camp |
| 18:44 | Build | Farm |
| 18:55 | Build | Farm |
| 19:00 | Create | Villager (Male) |
| 19:04 | Create | Villager (Male) |
| 19:15 | Create | Villager (Male) |
| 19:17 | Create | Villager (Male) |
| 19:24 | Build | Farm |
| 19:24 | Build | Farm |
| 19:25 | Build | Farm |
| 19:25 | Build | Farm |
| 19:40 | Build | Farm |
| 19:41 | Build | Farm |
| 19:43 | Build | Farm |
| 19:44 | Create | Villager (Male) |
| 19:45 | Create | Villager (Male) |
| 19:47 | Create | Villager (Male) |
| 19:56 | Create | Villager (Male) |
| 20:07 | Create | Villager (Male) |
| 20:11 | Create | Villager (Male) |
| 20:16 | Build | Lumber Camp |
| 20:25 | Build | Farm |
| 20:26 | Create | Villager (Male) |
| 20:27 | Create | Villager (Male) |
| 20:29 | Create | Villager (Male) |
| 20:40 | Build | Farm |
| 20:42 | Create | Villager (Male) |
| 20:43 | Create | Villager (Male) |
| 20:46 | Create | Villager (Male) |
| 20:52 | Build | House |
| 20:52 | Build | House |
| 20:53 | Build | House |
| 20:54 | Build | House |
| 20:55 | Build | House |
| 20:56 | Create | Villager (Male) |
| 20:57 | Create | Villager (Male) |
| 21:00 | Build | Farm |
| 21:09 | Create | Villager (Male) |
| 21:11 | Create | Villager (Male) |
| 21:11 | Create | Villager (Male) |
| 21:16 | Create | Villager (Male) |
| 21:18 | Create | Villager (Male) |
| 21:22 | Build | Farm |
| 21:24 | Create | Villager (Male) |
| 21:29 | Create | Villager (Male) |
| 21:39 | Create | Villager (Male) |
| 21:41 | Build | Farm |
| 21:43 | Create | Villager (Male) |
| 21:54 | Build | Farm |
| 21:55 | Create | Villager (Male) |
| 22:04 | Build | University |
Build order — TmZ_ĐЯEW ♚☯
First 150 of 946 actions detected
| 0:01 | Create | Villager (Male) ×4 |
| 0:01 | Create | Villager (Male) ×4 |
| 0:02 | Build | House |
| 0:04 | Build | House |
| 1:24 | Create | Villager (Male) |
| 1:25 | Create | Villager (Male) |
| 1:25 | Create | Villager (Male) |
| 1:25 | Create | Villager (Male) |
| 2:01 | Create | Villager (Male) |
| 2:01 | Create | Villager (Male) |
| 2:01 | Create | Villager (Male) |
| 2:16 | Build | Lumber Camp |
| 2:25 | Create | Villager (Male) |
| 2:25 | Create | Villager (Male) |
| 2:26 | Create | Villager (Male) |
| 2:26 | Create | Villager (Male) |
| 2:42 | Create | Villager (Male) |
| 2:42 | Create | Villager (Male) |
| 2:43 | Create | Villager (Male) |
| 2:58 | Create | Villager (Male) |
| 2:58 | Create | Villager (Male) |
| 2:58 | Create | Villager (Male) |
| 2:59 | Create | Villager (Male) |
| 3:17 | Create | Villager (Male) |
| 3:17 | Create | Villager (Male) |
| 3:17 | Create | Villager (Male) |
| 3:17 | Create | Villager (Male) |
| 3:45 | Create | Villager (Male) |
| 3:45 | Create | Villager (Male) |
| 3:46 | Create | Villager (Male) |
| 3:58 | Build | Mill |
| 4:21 | Create | Villager (Male) |
| 4:22 | Create | Villager (Male) |
| 4:22 | Create | Villager (Male) |
| 4:22 | Create | Villager (Male) |
| 4:54 | Create | Villager (Male) |
| 4:54 | Create | Villager (Male) |
| 4:54 | Create | Villager (Male) |
| 4:54 | Create | Villager (Male) |
| 4:55 | Create | Villager (Male) |
| 5:15 | Create | Villager (Male) |
| 5:15 | Create | Villager (Male) |
| 5:15 | Create | Villager (Male) |
| 5:16 | Create | Villager (Male) |
| 5:59 | Build | House |
| 6:08 | Create | Villager (Male) |
| 6:09 | Create | Villager (Male) |
| 6:09 | Create | Villager (Male) |
| 6:09 | Create | Villager (Male) |
| 6:09 | Create | Villager (Male) |
| 6:10 | Create | Villager (Male) |
| 6:10 | Create | Villager (Male) |
| 6:28 | Create | Villager (Male) |
| 6:28 | Create | Villager (Male) |
| 6:28 | Create | Villager (Male) |
| 6:29 | Create | Villager (Male) |
| 6:41 | Create | Villager (Male) |
| 6:41 | Create | Villager (Male) |
| 6:41 | Create | Villager (Male) |
| 7:21 | Create | Villager (Male) |
| 7:22 | Create | Villager (Male) |
| 7:36 | Build | Mining Camp |
| 8:03 | Create | Villager (Male) |
| 8:13 | Build | House |
| 8:30 | Build | Mill |
| 9:01 | Research | Feudal Age |
| 9:06 | Build | Mining Camp |
| 9:29 | Build | Farm |
| 10:26 | Build | Farm |
| 10:27 | Build | Farm |
| 10:29 | Build | Farm |
| 10:33 | Build | Farm |
| 10:45 | Create | Villager (Male) |
| 10:45 | Create | Villager (Male) |
| 11:23 | Age | Feudal Age |
| 11:25 | Build | Market |
| 11:28 | Build | Blacksmith |
| 12:12 | Build | Farm |
| 12:24 | Create | Villager (Male) |
| 12:56 | Research | Castle Age |
| 12:56 | Research | Castle Age |
| 12:57 | Research | Castle Age |
| 12:57 | Research | Castle Age |
| 13:13 | Build | Lumber Camp |
| 14:13 | Research | Double-Bit Axe |
| 15:28 | Create | Villager (Male) |
| 15:29 | Create | Villager (Male) |
| 15:36 | Age | Castle Age |
| 15:38 | Build | Town Center |
| 15:41 | Build | Town Center |
| 15:57 | Create | Villager (Male) |
| 16:38 | Create | Villager (Male) |
| 16:44 | Create | Villager (Male) |
| 16:49 | Create | Villager (Male) |
| 16:54 | Build | Town Center |
| 17:09 | Create | Villager (Male) |
| 17:09 | Create | Villager (Male) |
| 17:20 | Create | Villager (Male) |
| 17:27 | Build | Farm |
| 17:29 | Build | Farm |
| 17:31 | Create | Villager (Male) |
| 17:45 | Create | Villager (Male) |
| 17:46 | Create | Villager (Male) |
| 17:46 | Create | Villager (Male) |
| 17:58 | Create | Villager (Male) |
| 17:58 | Create | Villager (Male) |
| 18:02 | Build | Farm |
| 18:05 | Create | Villager (Male) |
| 18:05 | Create | Villager (Male) |
| 18:05 | Create | Villager (Male) |
| 18:12 | Build | Farm |
| 18:13 | Build | Farm |
| 18:15 | Build | Farm |
| 18:16 | Create | Villager (Male) |
| 18:16 | Create | Villager (Male) |
| 18:19 | Build | Farm |
| 18:19 | Build | Farm |
| 18:26 | Create | Villager (Male) |
| 18:26 | Create | Villager (Male) |
| 18:26 | Create | Villager (Male) |
| 18:30 | Build | Farm |
| 18:34 | Build | Farm |
| 18:46 | Create | Villager (Male) |
| 18:46 | Create | Villager (Male) |
| 18:46 | Create | Villager (Male) |
| 18:46 | Create | Villager (Male) |
| 18:52 | Build | Mill |
| 18:55 | Build | Farm |
| 18:56 | Build | Farm |
| 18:57 | Create | Villager (Male) |
| 18:57 | Create | Villager (Male) |
| 18:57 | Create | Villager (Male) |
| 18:57 | Create | Villager (Male) |
| 19:11 | Create | Villager (Male) |
| 19:11 | Create | Villager (Male) |
| 19:11 | Create | Villager (Male) |
| 19:12 | Create | Villager (Male) |
| 19:14 | Create | Villager (Male) |
| 19:15 | Create | Villager (Male) |
| 19:15 | Create | Villager (Male) |
| 19:18 | Build | Farm |
| 19:18 | Build | Farm |
| 19:18 | Build | Farm |
| 19:19 | Build | Farm |
| 19:24 | Create | Villager (Male) |
| 19:25 | Create | Villager (Male) |
| 19:25 | Create | Villager (Male) |
| 19:25 | Create | Villager (Male) |
| 19:27 | Build | Farm |
| 19:30 | Build | Farm |
Build order — Alex
First 150 of 378 actions detected
| 0:03 | Build | House |
| 0:04 | Create | Villager (Male) |
| 0:04 | Create | Villager (Male) |
| 0:04 | Create | Villager (Male) |
| 0:04 | Create | Villager (Male) |
| 0:06 | Build | House |
| 1:33 | Build | Lumber Camp |
| 1:41 | Create | Villager (Male) |
| 1:41 | Create | Villager (Male) |
| 2:13 | Create | Villager (Male) |
| 2:25 | Create | Villager (Male) |
| 3:05 | Create | Villager (Male) |
| 3:15 | Create | Villager (Male) |
| 3:40 | Build | House |
| 4:01 | Create | Villager (Male) |
| 4:15 | Create | Villager (Male) |
| 4:29 | Create | Villager (Male) |
| 4:42 | Build | Mill |
| 5:14 | Create | Villager (Male) |
| 5:14 | Create | Villager (Male) |
| 5:21 | Build | Mill |
| 5:24 | Create | Villager (Male) |
| 6:17 | Create | Villager (Male) |
| 6:17 | Create | Villager (Male) |
| 6:28 | Build | House |
| 6:58 | Create | Villager (Male) |
| 6:58 | Create | Villager (Male) |
| 6:58 | Create | Villager (Male) |
| 7:34 | Create | Villager (Male) |
| 7:55 | Build | Mining Camp |
| 8:49 | Create | Villager (Male) |
| 8:53 | Research | Feudal Age |
| 9:07 | Build | House |
| 9:34 | Build | Farm |
| 9:36 | Build | Farm |
| 9:40 | Build | Farm |
| 9:45 | Create | Villager (Male) |
| 9:46 | Create | Villager (Male) |
| 10:03 | Build | House |
| 10:38 | Build | House |
| 11:11 | Age | Feudal Age |
| 11:23 | Build | Market |
| 11:52 | Build | Blacksmith |
| 12:00 | Build | House |
| 12:02 | Build | House |
| 12:07 | Create | Villager (Male) |
| 12:12 | Build | Farm |
| 12:37 | Research | Castle Age |
| 13:11 | Build | Mining Camp |
| 13:17 | Research | Double-Bit Axe |
| 13:46 | Research | Horse Collar |
| 14:14 | Create | Villager (Male) |
| 14:34 | Create | Villager (Male) |
| 15:17 | Age | Castle Age |
| 15:26 | Build | Town Center |
| 15:55 | Build | Farm |
| 15:55 | Build | Farm |
| 15:55 | Build | Farm |
| 15:56 | Build | Farm |
| 15:56 | Build | Farm |
| 15:56 | Build | Farm |
| 15:56 | Build | Farm |
| 16:10 | Research | Bow Saw |
| 16:23 | Research | Stone Mining |
| 16:33 | Create | Villager (Male) |
| 16:33 | Create | Villager (Male) |
| 16:33 | Create | Villager (Male) |
| 16:33 | Create | Villager (Male) |
| 16:37 | Create | Villager (Male) |
| 17:00 | Build | Outpost |
| 17:25 | Create | Villager (Male) |
| 17:25 | Create | Villager (Male) |
| 17:25 | Create | Villager (Male) |
| 17:48 | Research | Gold Mining |
| 17:51 | Create | Villager (Male) |
| 17:51 | Create | Villager (Male) |
| 17:51 | Create | Villager (Male) |
| 18:00 | Create | Villager (Male) |
| 18:13 | Create | Villager (Male) |
| 19:05 | Build | Castle |
| 19:08 | Create | Villager (Male) |
| 19:08 | Create | Villager (Male) |
| 19:09 | Create | Villager (Male) |
| 19:18 | Build | Farm |
| 19:18 | Build | Farm |
| 19:18 | Build | Farm |
| 19:19 | Build | Farm |
| 19:26 | Build | Farm |
| 19:26 | Build | Farm |
| 19:26 | Build | Farm |
| 19:26 | Build | Farm |
| 19:27 | Build | Farm |
| 19:27 | Build | Farm |
| 19:27 | Build | Farm |
| 19:41 | Create | Villager (Male) |
| 19:42 | Create | Villager (Male) |
| 19:42 | Create | Villager (Male) |
| 20:17 | Create | Villager (Male) |
| 20:17 | Create | Villager (Male) |
| 20:18 | Research | Loom |
| 20:21 | Create | Villager (Male) |
| 20:31 | Build | Farm |
| 20:45 | Create | Villager (Male) |
| 20:45 | Create | Villager (Male) |
| 20:54 | Create | Unit 1959 |
| 20:54 | Create | Unit 1959 |
| 21:01 | Build | Farm |
| 21:01 | Build | Farm |
| 21:01 | Build | Farm |
| 21:02 | Build | Farm |
| 21:02 | Build | Farm |
| 21:18 | Build | Mill |
| 21:23 | Research | Wheelbarrow |
| 21:36 | Create | Unit 1959 |
| 21:40 | Create | Unit 1959 |
| 21:54 | Create | Unit 1959 |
| 21:54 | Create | Unit 1959 |
| 21:54 | Create | Unit 1959 |
| 22:09 | Create | Villager (Male) |
| 22:10 | Create | Villager (Male) |
| 22:15 | Build | Farm |
| 22:24 | Build | Farm |
| 22:24 | Build | Farm |
| 22:25 | Build | Farm |
| 22:25 | Build | Farm |
| 22:25 | Build | Farm |
| 22:25 | Build | Farm |
| 22:32 | Research | Heavy Plow |
| 22:36 | Create | Unit 1959 |
| 22:55 | Create | Unit 1959 |
| 22:55 | Create | Unit 1959 |
| 22:56 | Create | Unit 1959 |
| 23:09 | Create | Unit 1959 |
| 23:28 | Create | Unit 1959 |
| 23:29 | Create | Unit 1959 |
| 23:29 | Create | Unit 1959 |
| 23:38 | Create | Villager (Male) |
| 23:39 | Create | Villager (Male) |
| 23:39 | Create | Villager (Male) |
| 23:51 | Create | Unit 1959 |
| 24:04 | Create | Unit 1959 |
| 24:05 | Create | Unit 1959 |
| 24:15 | Research | Forging |
| 24:43 | Create | Villager (Male) |
| 24:43 | Create | Villager (Male) |
| 24:46 | Build | House |
| 24:46 | Build | House |
| 24:46 | Build | House |
| 24:47 | Build | House |
| 24:47 | Build | House |
Build order — Ux'Mi Quesa
First 150 of 988 actions detected
| 0:01 | Create | Villager (Male) |
| 0:01 | Create | Villager (Male) |
| 0:02 | Create | Villager (Male) |
| 0:03 | Build | House |
| 0:05 | Build | House |
| 0:35 | Create | Villager (Male) |
| 1:31 | Create | Villager (Male) |
| 1:31 | Create | Villager (Male) |
| 1:32 | Create | Villager (Male) |
| 2:02 | Create | Villager (Male) |
| 2:02 | Create | Villager (Male) |
| 2:24 | Create | Villager (Male) |
| 2:25 | Create | Villager (Male) |
| 2:49 | Build | House |
| 2:52 | Create | Villager (Male) |
| 2:52 | Create | Villager (Male) |
| 2:53 | Create | Villager (Male) |
| 2:56 | Build | House |
| 2:57 | Build | House |
| 3:13 | Create | Villager (Male) |
| 3:13 | Create | Villager (Male) |
| 3:13 | Create | Villager (Male) |
| 3:21 | Build | Mill |
| 3:43 | Create | Villager (Male) |
| 3:43 | Create | Villager (Male) |
| 4:00 | Create | Villager (Male) |
| 4:00 | Create | Villager (Male) |
| 4:32 | Create | Villager (Male) |
| 4:32 | Create | Villager (Male) |
| 5:10 | Create | Villager (Male) |
| 5:10 | Create | Villager (Male) |
| 5:11 | Create | Villager (Male) |
| 5:11 | Create | Villager (Male) |
| 5:21 | Create | Villager (Male) |
| 5:22 | Create | Villager (Male) |
| 5:30 | Build | Mill |
| 5:46 | Create | Villager (Male) |
| 5:46 | Create | Villager (Male) |
| 5:47 | Create | Villager (Male) |
| 5:48 | Create | Villager (Male) |
| 6:06 | Create | Villager (Male) |
| 6:06 | Create | Villager (Male) |
| 6:07 | Create | Villager (Male) |
| 6:08 | Create | Villager (Male) |
| 6:08 | Create | Villager (Male) |
| 6:32 | Create | Villager (Male) |
| 6:32 | Create | Villager (Male) |
| 6:32 | Create | Villager (Male) |
| 7:03 | Build | Farm |
| 8:01 | Build | Farm |
| 8:08 | Build | Farm |
| 8:44 | Build | Mule Cart |
| 8:48 | Research | Feudal Age |
| 9:18 | Build | Farm |
| 10:15 | Create | Villager (Male) |
| 10:15 | Create | Villager (Male) |
| 10:40 | Build | House |
| 11:05 | Age | Feudal Age |
| 11:08 | Build | Blacksmith |
| 11:19 | Build | Market |
| 12:04 | Research | Castle Age |
| 12:04 | Research | Castle Age |
| 12:27 | Research | Double-Bit Axe |
| 12:33 | Research | Horse Collar |
| 12:51 | Build | Mule Cart |
| 13:57 | Research | Loom |
| 13:59 | Research | Wheelbarrow |
| 14:44 | Age | Castle Age |
| 14:58 | Build | Town Center |
| 15:13 | Build | Town Center |
| 15:36 | Create | Villager (Male) |
| 15:42 | Build | Farm |
| 16:24 | Create | Villager (Male) |
| 16:35 | Research | Bow Saw |
| 16:56 | Create | Villager (Male) |
| 16:57 | Create | Villager (Male) |
| 16:58 | Create | Villager (Male) |
| 17:03 | Create | Villager (Male) |
| 17:07 | Create | Villager (Male) |
| 17:13 | Create | Villager (Male) |
| 17:16 | Build | Farm |
| 17:54 | Build | Monastery |
| 18:00 | Create | Villager (Male) |
| 18:06 | Create | Villager (Male) |
| 18:09 | Build | Farm |
| 18:32 | Create | Villager (Male) |
| 18:32 | Create | Villager (Male) |
| 18:35 | Create | Villager (Male) |
| 18:35 | Create | Villager (Male) |
| 18:42 | Create | Monk |
| 18:58 | Build | Castle |
| 19:02 | Create | Villager (Male) |
| 19:02 | Create | Villager (Male) |
| 19:05 | Build | Farm |
| 19:08 | Build | Farm |
| 19:10 | Create | Villager (Male) |
| 19:10 | Create | Villager (Male) |
| 19:12 | Build | Farm |
| 19:14 | Build | Farm |
| 19:18 | Build | Farm |
| 19:24 | Build | Farm |
| 19:35 | Create | Villager (Male) |
| 19:35 | Create | Villager (Male) |
| 19:40 | Build | House |
| 19:41 | Build | House |
| 19:42 | Build | House |
| 19:43 | Create | Villager (Male) |
| 19:43 | Create | Villager (Male) |
| 19:43 | Create | Villager (Male) |
| 20:01 | Create | Villager (Male) |
| 20:02 | Create | Villager (Male) |
| 20:07 | Build | Farm |
| 20:09 | Build | Farm |
| 20:13 | Build | Farm |
| 20:13 | Create | Villager (Male) |
| 20:14 | Create | Villager (Male) |
| 20:16 | Build | Farm |
| 20:23 | Build | Farm |
| 20:32 | Create | Villager (Male) |
| 20:32 | Create | Villager (Male) |
| 20:42 | Build | Farm |
| 20:42 | Create | Villager (Male) |
| 20:43 | Create | Villager (Male) |
| 20:45 | Build | Farm |
| 20:51 | Create | Villager (Male) |
| 20:55 | Build | House |
| 20:57 | Build | House |
| 21:07 | Build | Farm |
| 21:08 | Create | Villager (Male) |
| 21:08 | Create | Villager (Male) |
| 21:08 | Create | Villager (Male) |
| 21:16 | Create | Villager (Male) |
| 21:16 | Create | Villager (Male) |
| 21:22 | Build | Farm |
| 21:26 | Build | Farm |
| 21:30 | Build | Farm |
| 21:31 | Create | Villager (Male) |
| 21:31 | Create | Villager (Male) |
| 21:31 | Create | Villager (Male) |
| 21:33 | Build | Farm |
| 21:36 | Create | Villager (Male) |
| 21:36 | Create | Villager (Male) |
| 21:41 | Build | Monastery |
| 21:42 | Create | Villager (Male) |
| 21:43 | Create | Villager (Male) |
| 21:46 | Create | Villager (Male) |
| 21:47 | Create | Villager (Male) |
| 21:57 | Build | Town Center |
| 22:03 | Create | Villager (Male) |
| 22:04 | Create | Villager (Male) |
Build order — GPB | WYXT531
First 150 of 530 actions detected
| 0:01 | Create | Villager (Male) |
| 0:01 | Create | Villager (Male) |
| 0:02 | Create | Villager (Male) |
| 0:02 | Create | Villager (Male) |
| 0:03 | Build | House |
| 0:05 | Build | House |
| 1:23 | Create | Villager (Male) |
| 1:23 | Create | Villager (Male) |
| 1:43 | Create | Villager (Male) |
| 1:45 | Build | Lumber Camp |
| 2:06 | Create | Villager (Male) |
| 2:06 | Create | Villager (Male) |
| 2:07 | Create | Villager (Male) |
| 2:41 | Create | Villager (Male) |
| 2:41 | Create | Villager (Male) |
| 3:00 | Create | Villager (Male) |
| 3:00 | Create | Villager (Male) |
| 3:00 | Create | Villager (Male) |
| 3:13 | Create | Villager (Male) |
| 3:14 | Create | Villager (Male) |
| 3:30 | Create | Villager (Male) |
| 3:30 | Create | Villager (Male) |
| 3:51 | Build | House |
| 4:06 | Create | Villager (Male) |
| 4:06 | Create | Villager (Male) |
| 4:06 | Create | Villager (Male) |
| 4:18 | Create | Villager (Male) |
| 4:39 | Build | Mill |
| 4:49 | Create | Villager (Male) |
| 4:49 | Create | Villager (Male) |
| 5:24 | Create | Villager (Male) |
| 5:49 | Research | Loom |
| 5:56 | Create | Villager (Male) |
| 5:56 | Research | Loom |
| 6:12 | Build | House |
| 6:58 | Research | Feudal Age |
| 8:39 | Create | Villager (Male) |
| 8:43 | Create | Villager (Male) |
| 9:16 | Age | Feudal Age |
| 9:21 | Build | Town Center |
| 9:38 | Create | Villager (Male) |
| 9:40 | Research | Double-Bit Axe |
| 9:50 | Research | Horse Collar |
| 10:04 | Build | Farm |
| 10:16 | Create | Villager (Male) |
| 10:40 | Create | Villager (Male) |
| 10:52 | Create | Villager (Male) |
| 10:54 | Create | Villager (Male) |
| 11:10 | Build | Mill |
| 11:28 | Build | Farm |
| 11:30 | Build | Farm |
| 11:32 | Create | Villager (Male) |
| 11:37 | Build | Farm |
| 11:48 | Build | Farm |
| 11:54 | Build | Farm |
| 12:02 | Create | Villager (Male) |
| 12:03 | Create | Villager (Male) |
| 12:03 | Create | Villager (Male) |
| 12:21 | Create | Villager (Male) |
| 12:30 | Build | Farm |
| 12:40 | Create | Villager (Male) |
| 12:40 | Create | Villager (Male) |
| 12:42 | Build | Farm |
| 12:46 | Create | Villager (Male) |
| 12:54 | Create | Villager (Male) |
| 12:54 | Create | Villager (Male) |
| 12:58 | Build | House |
| 13:09 | Create | Villager (Male) |
| 13:14 | Research | Town Watch |
| 13:16 | Create | Villager (Male) |
| 13:23 | Build | House |
| 13:24 | Build | House |
| 13:29 | Build | Farm |
| 13:35 | Build | Farm |
| 13:36 | Create | Villager (Male) |
| 13:43 | Build | Farm |
| 13:45 | Create | Villager (Male) |
| 13:45 | Create | Villager (Male) |
| 13:47 | Create | Villager (Male) |
| 13:48 | Create | Villager (Male) |
| 13:51 | Build | Farm |
| 14:03 | Create | Villager (Male) |
| 14:03 | Create | Villager (Male) |
| 14:09 | Build | Farm |
| 14:16 | Build | House |
| 14:18 | Create | Villager (Male) |
| 14:18 | Create | Villager (Male) |
| 14:26 | Build | Farm |
| 14:27 | Create | Villager (Male) |
| 14:27 | Create | Villager (Male) |
| 14:37 | Build | Farm |
| 14:38 | Create | Villager (Male) |
| 14:39 | Create | Villager (Male) |
| 14:43 | Create | Villager (Male) |
| 14:43 | Create | Villager (Male) |
| 14:52 | Create | Villager (Male) |
| 14:53 | Build | Farm |
| 14:55 | Create | Villager (Male) |
| 15:01 | Create | Villager (Male) |
| 15:01 | Create | Villager (Male) |
| 15:12 | Build | House |
| 15:13 | Create | Villager (Male) |
| 15:14 | Create | Villager (Male) |
| 15:26 | Build | Farm |
| 15:31 | Create | Villager (Male) |
| 15:38 | Build | Farm |
| 15:41 | Build | House |
| 15:45 | Build | Barracks |
| 15:47 | Create | Villager (Male) |
| 15:53 | Build | Farm |
| 15:56 | Create | Villager (Male) |
| 16:13 | Create | Villager (Male) |
| 16:20 | Build | Blacksmith |
| 16:22 | Create | Villager (Male) |
| 16:40 | Create | Villager (Male) |
| 16:41 | Research | Wheelbarrow |
| 16:46 | Create | Villager (Male) |
| 16:50 | Build | Mining Camp |
| 17:00 | Create | Villager (Male) |
| 17:04 | Build | House |
| 17:05 | Build | House |
| 17:06 | Create | Villager (Male) |
| 17:14 | Build | Farm |
| 17:14 | Build | Farm |
| 17:15 | Build | Farm |
| 17:15 | Build | Farm |
| 17:15 | Build | Farm |
| 17:39 | Create | Villager (Male) |
| 17:50 | Build | Siege Workshop |
| 17:54 | Create | Villager (Male) |
| 18:00 | Build | House |
| 18:06 | Create | Villager (Male) |
| 18:20 | Create | Villager (Male) |
| 18:31 | Research | Castle Age |
| 18:39 | Research | Castle Age |
| 18:45 | Build | Stable |
| 18:51 | Build | Farm |
| 18:52 | Create | Villager (Male) |
| 18:57 | Create | Villager (Male) |
| 19:12 | Build | Farm |
| 19:23 | Build | Stable |
| 19:28 | Create | Villager (Male) |
| 19:35 | Create | Villager (Male) |
| 19:44 | Create | Villager (Male) |
| 19:47 | Build | House |
| 19:50 | Build | House |
| 19:56 | Build | Stable |
| 20:01 | Research | Bloodlines |
| 20:04 | Create | Villager (Male) |
| 20:06 | Research | Forging |
Match timeline
| 3:55 | BSGA. No M!cR0 · wall_segment Palisade Wall x1 |
| 6:54 | esteb4ndidoz · first_building Barracks |
| 9:16 | GPB | WYXT531 · age_up feudal |
| 10:40 | esteb4ndidoz · age_up feudal |
| 11:05 | Ux'Mi Quesa · age_up feudal |
| 11:11 | Alex · age_up feudal |
| 11:13 | BSGA. Chinball Wizard · age_up feudal |
| 11:23 | TmZ_ĐЯEW ♚☯ · age_up feudal |
| 11:55 | nysh · age_up feudal |
| 12:22 | BSGA. No M!cR0 · age_up feudal |
| 12:36 | esteb4ndidoz · first_market_buy 100 food |
| 14:24 | BSGA. Chinball Wizard · age_up castle |
| 14:44 | Ux'Mi Quesa · age_up castle |
| 15:17 | Alex · age_up castle |
| 15:26 | esteb4ndidoz · age_up castle |
| 15:36 | TmZ_ĐЯEW ♚☯ · age_up castle |
| 15:45 | GPB | WYXT531 · first_building Barracks |
| 15:56 | BSGA. No M!cR0 · age_up castle |
| 16:00 | BSGA. No M!cR0 · first_building Castle |
| 16:40 | nysh · age_up castle |
| 17:25 | BSGA. No M!cR0 · first_building Monastery |
| 17:27 | esteb4ndidoz · first_building Castle |
| 17:29 | BSGA. Chinball Wizard · first_market_buy 100 stone |
| 17:48 | TmZ_ĐЯEW ♚☯ · first_market_buy 100 wood |
| 17:50 | GPB | WYXT531 · first_building Siege Workshop |
| 17:53 | TmZ_ĐЯEW ♚☯ · first_market_sell 100 wood |
| 17:54 | Ux'Mi Quesa · first_building Monastery |
| 18:10 | nysh · first_building Monastery |
| 18:26 | nysh · first_market_buy 100 wood |
| 18:31 | Ux'Mi Quesa · first_market_buy 100 food |
| 18:45 | GPB | WYXT531 · first_building Stable |
| 18:58 | Ux'Mi Quesa · first_building Castle |
| 19:05 | Alex · first_building Castle |
| 21:19 | GPB | WYXT531 · age_up castle |
| 22:02 | BSGA. No M!cR0 · first_building Siege Workshop |
| 22:06 | BSGA. Chinball Wizard · first_building Monastery |
| 22:40 | BSGA. Chinball Wizard · first_building Barracks |
| 23:16 | BSGA. Chinball Wizard · first_building Stable |
| 23:25 | TmZ_ĐЯEW ♚☯ · first_building Castle |
| 24:36 | Ux'Mi Quesa · wall_segment Stone Wall x1 |
| 24:39 | Ux'Mi Quesa · wall_segment Stone Wall x1 |
| 25:03 | Ux'Mi Quesa · wall_segment Stone Wall x8 |
| 25:05 | TmZ_ĐЯEW ♚☯ · first_building Monastery |
| 25:10 | nysh · first_market_sell 100 wood |
| 25:10 | Ux'Mi Quesa · wall_segment Stone Wall x7 |
| 25:16 | TmZ_ĐЯEW ♚☯ · first_building Barracks |
| 25:33 | BSGA. No M!cR0 · first_building Barracks |
| 25:41 | nysh · first_building Barracks |
| 25:45 | Ux'Mi Quesa · wall_segment Stone Wall x4 |
| 26:22 | Ux'Mi Quesa · wall_segment Stone Wall x1 |
| 26:46 | BSGA. Chinball Wizard · first_building Castle |
| 26:50 | BSGA. No M!cR0 · first_building Archery Range |
| 27:05 | TmZ_ĐЯEW ♚☯ · first_building Stable |
| 27:41 | nysh · first_building Castle |
| 28:03 | esteb4ndidoz · first_building Siege Workshop |
| 28:17 | Alex · first_building Barracks |
| 28:29 | nysh · age_up imperial |
| 28:30 | nysh · first_building Stable |
| 28:31 | BSGA. Chinball Wizard · first_building Siege Workshop |
| 29:01 | TmZ_ĐЯEW ♚☯ · age_up imperial |
| 29:26 | Alex · first_building Archery Range |
| 30:31 | nysh · first_building Archery Range |
| 30:46 | BSGA. No M!cR0 · first_building Stable |
| 31:03 | BSGA. No M!cR0 · age_up imperial |
| 31:13 | esteb4ndidoz · first_market_sell 100 food |
| 31:19 | GPB | WYXT531 · first_building Monastery |
| 33:05 | BSGA. Chinball Wizard · age_up imperial |
| 33:28 | Ux'Mi Quesa · first_market_sell 100 food |
| 34:42 | Ux'Mi Quesa · first_building Barracks |
| 35:28 | esteb4ndidoz · age_up imperial |
| 35:38 | Alex · age_up imperial |
| 36:06 | Alex · first_building Siege Workshop |
| 36:08 | BSGA. Chinball Wizard · first_market_sell 500 food |
| 36:16 | Ux'Mi Quesa · first_building Stable |
| 36:41 | Ux'Mi Quesa · age_up imperial |
| 36:44 | GPB | WYXT531 · first_building Castle |
| 37:03 | nysh · first_building Siege Workshop |
| 37:14 | esteb4ndidoz · first_building Archery Range |
| 38:09 | GPB | WYXT531 · age_up imperial |
| 39:35 | esteb4ndidoz · wall_segment Stone Wall x12 |
| 41:10 | Alex · first_market_sell 500 wood |
| 50:03 | BSGA. Chinball Wizard · first_building Archery Range |
| 50:31 | TmZ_ĐЯEW ♚☯ · first_building Siege Workshop |
| 50:37 | TmZ_ĐЯEW ♚☯ · first_building Archery Range |
| 52:40 | GPB | WYXT531 · wall_segment Palisade Wall x1 |
| 53:20 | GPB | WYXT531 · first_market_sell 100 wood |
| 55:18 | GPB | WYXT531 · resign |
| 55:19 | Alex · first_market_buy 100 stone |
| 57:35 | BSGA. Chinball Wizard · wall_segment Stone Wall x1 |
| 57:44 | BSGA. Chinball Wizard · wall_segment Stone Wall x1 |
| 63:58 | BSGA. Chinball Wizard · wall_segment Palisade Wall x1 |
[ AI ANALYSIS · 1 CREDIT ]
What really happened in this match?
Wolo.gg analyzes every decision: build order, eco, micro, common mistakes by bracket. Personalized analysis on WhatsApp or Discord in 30 seconds.
Civ guide
Chinese
Map guide
Arena
Perfil
Jugador #23031445